 Dungeon Crawl Stone Soup version 0.31-a0-188-g5e087ee2ca (webtiles) character file.

Game seed: 13353865935211979486

131 qw the Skirmisher (level 4, -2/25 HPs)
             Began as a Deep Elf Hunter on June 23, 2023.
             Succumbed to Edmund's poison
             ... on level 4 of the Dungeon.
             The game lasted 00:00:59 (2558 turns).

qw the Skirmisher (Deep Elf Hunter)                 Turns: 2558, Time: 00:01:00

Health: -2/25      AC:  7    Str: 16    XL:     4   Next: 91%
Magic:  6/6        EV: 11    Int: 14    God:
Gold:   114        SH:  0    Dex: 18    Spells: 3/3 levels left

rFire   . . .        Y - +2 shortbow
rCold   . . .        (shield currently unavailable)
rNeg    . . .        m - +0 ring mail
rPois   .            (no helmet)
rElec   .            c - +0 cloak
rCorr   .            j - +0 pair of gloves
SInv    .            (no boots)
Will    .....        (no amulet)
Stlth   +            a - +6 ring of strength
HPRegen 0.24/turn    (no ring)
MPRegen 0.10/turn

%: no passive effects
@: lethally poisoned (-2 -> -23)
A: no striking features
a: no special abilities


You were on level 4 of the Dungeon.
You visited 1 branch of the dungeon, and saw 4 of its levels.

You collected 114 gold pieces.


   Skills:
 - Level 1.5 Fighting
 + Level 8.3 Ranged Weapons
 - Level 2.4 Dodging
 - Level 1.2 Stealth


You had 3 spell levels left.
You didn't know any spells.
Your spell library was empty.

Inventory:

Hand Weapons
 Y - a +2 shortbow (weapon)
Armour
 c - a +0 cloak (worn)
 j - a +0 pair of gloves (worn)
 m - a +0 ring mail (worn)
Jewellery
 a - a +6 ring of strength (left hand)
 e - a ring of ice
Scrolls
 b - a scroll of identify
 d - a scroll of enchant armour {unknown}
Potions
 f - a potion of haste
 h - a potion of curing

Dungeon Overview and Level Annotations

Branches:
Dungeon (4/15)
 Temple: D:4-7

Altars:

Annotations:
D:4 Edmund, Natasha


Message History

The arrow hits the orc!
You kill the orc!
You hear an angry hiss.
You hear a shout!
You shoot an arrow. The arrow closely misses Edmund.
The arrow hits the orc wizard!
The orc wizard is almost dead.
Natasha, Servant of Life and Death comes into view.
An orc comes into view. It is wielding a +0 whip.
Natasha mumbles some strange words.
Natasha shimmers violently.
2550 ||| Stepping ~*~*~tactically~*~*~ (outnumbered).
You shoot an arrow. The arrow hits the worm zombie!
The worm zombie is moderately damaged.
You shoot an arrow. The arrow hits the worm zombie.
The worm zombie is moderately damaged.
You shoot an arrow. The arrow hits Edmund.
Edmund is lightly wounded.
You shoot an arrow. The arrow hits Edmund!
Edmund is moderately wounded.
You shoot an arrow. The arrow hits Edmund.
Edmund is moderately wounded.
Edmund completely misses you. Natasha barely misses you.
You shoot an arrow. The arrow hits Edmund.
Edmund is heavily wounded.
Edmund hits you with a +4 flail of venom!
You are poisoned.
Natasha completely misses you.
Edmund hits you with a +4 flail of venom.
You shoot an arrow. The arrow hits Edmund.
Edmund is heavily wounded.
You feel very sick. Natasha closely misses you.
The orc wizard mumbles some strange words.
The orc wizard flickers and vanishes!
Deactivating autopickup; reactivate with Ctrl-A.
Edmund hits you with a +4 flail of venom!
You are more poisoned.
You shoot an arrow. The arrow completely misses Edmund.
The arrow hits the orc.
You kill the orc!
You die...

.o..##......
h.........
@o...... ).....#
.o...# {.Z.# #).#
#@h# #@.# #..##
#...## #....# ###
##...##.>#
#...#...#
+#...#..#
#####.....#######
#...%............


You could see Edmund, Natasha, an orc and a worm zombie.

Vanquished Creatures
  An orc priest (D:4)
  3 adders
  2 dart slugs
  5 orcs (D:4)
  6 ball pythons
  11 bats
  5 endoplasms
  2 giant cockroaches
  4 hobgoblins
  6 jackals (D:1)
  7 kobolds
  2 quokkas
  2 frilled lizards
  6 goblins
  A rat (D:2)
63 creatures vanquished.

Notes
Turn   | Place    | Note
-------+----------+-------------------------------------------
     0 | D:1      | qw the Deep Elf Hunter began the quest for the Orb.
     0 | D:1      | Reached XP level 1. HP: 12/12 MP: 3/3
     0 | D:1      | 0 ||| qw: Version: 0.3-a-9-g12657ce
     0 | D:1      | 0 ||| qw: Game counter: 4414
     0 | D:1      | 0 ||| qw: Always use a shield: true
     0 | D:1      | 0 ||| qw: God list: Okawaru
     0 | D:1      | 0 ||| qw: Allow faded altars: false
     0 | D:1      | 0 ||| qw: Do Orc after D:15 true
     0 | D:1      | 0 ||| qw: Do second Lair branch before Depths: true
     0 | D:1      | 0 ||| qw: Lair rune preference: random
     0 | D:1      | 0 ||| qw: Plans: Normal
     0 | D:1      | 0 ||| PLANNING D:1-11
    76 | D:1      | Reached skill level 6 in Ranged Weapons
    76 | D:1      | Reached XP level 2. HP: 12/16 MP: 4/4
   563 | D:1      | Reached XP level 3. HP: 20/20 MP: 5/5
   668 | D:1      | 668 ||| UPGRADING to +0 pair of gloves.
   673 | D:1      | 673 ||| UPGRADING to +0 ring mail.
   683 | D:1      | 683 ||| DROPPING +0 leather armour.
   684 | D:1      | 684 ||| READING 3 scrolls labelled HAM KUNATHRUPT.
   685 | D:1      | 685 ||| READING scroll labelled JIZEFA LYSOIT.
   686 | D:1      | 686 ||| READING scroll labelled IXZONN UDEKUE.
   787 | D:1      | 787 ||| READING scroll labelled ATICUY ZEZXA.
   788 | D:1      | 788 ||| READING scroll labelled NOICZIU EGEIWN.
   792 | D:1      | 792 ||| DROPPING 2 scrolls of fear.
   793 | D:1      | 793 ||| DROPPING scroll of butterflies.
   927 | D:2      | Reached skill level 7 in Ranged Weapons
  1288 | D:2      | Reached XP level 4. HP: 25/25 MP: 6/6
  1409 | D:2      | 1409 ||| READING scroll labelled RIUTEU RASUECH.
  1410 | D:2      | 1410 ||| READING scroll labelled HUDUIXZAON.
  1456 | D:2      | 1456 ||| READING scroll labelled SYNIBB GOWNI.
  1729 | D:3      | Identified the +10 hand axe of Duty {flame, Str+7 Int+2}
  1802 | D:3      | Identified the +6 mace of Twilight {elec, Fly rPois Dex+5
                  | Stlth+}
  2159 | D:3      | 2159 ||| READING scroll of enchant weapon.
  2159 | D:3      | 2159 ||| ENCHANTING +1 shortbow.
  2284 | D:3      | 2284 ||| UPGRADING to +0 cloak.
  2289 | D:3      | 2289 ||| UPGRADING to +6 ring of strength.
  2290 | D:3      | 2290 ||| READING scroll labelled ZARPHA DIEMNARHE.
  2291 | D:3      | 2291 ||| READING scroll labelled ZYIXKA VANIW.
  2292 | D:3      | 2292 ||| DRINKING 2 smoky orange potions.
  2293 | D:3      | 2293 ||| DRINKING 2 puce potions.
  2294 | D:3      | 2294 ||| DRINKING 2 fuming red potions.
  2295 | D:3      | 2295 ||| DROPPING potion of attraction.
  2297 | D:3      | 2297 ||| Stepping ~*~*~tactically~*~*~ (cloud).
  2307 | D:3      | HP: 6/25 [poisoned by you (poison gas)]
  2424 | D:4      | 2424 ||| PLANNING OSSUARY
  2446 | D:4      | HP: 5/25 [orc priest/+0 dagger (5)]
  2448 | D:4      | Reached skill level 8 in Ranged Weapons
  2502 | D:4      | 2502 ||| FLEEEEING.
  2503 | D:4      | 2503 ||| STAIRDANCE
  2547 | D:4      | Noticed Edmund
  2549 | D:4      | Noticed Natasha
  2550 | D:4      | 2550 ||| Stepping ~*~*~tactically~*~*~ (outnumbered).
  2557 | D:4      | HP: 3/25 [Edmund/+4 flail of venom (8)]
  2558 | D:4      | Succumbed to Edmund's poison

Levels and vault maps discovered:
D:1:      minmay_arrival_up_and_down, layout_loops_cross, grunt_decor_cap
D:2:      layout_loops_ring
D:3:      minmay_angry_zag, layout_loops_corners, eino_tiny_chamber
D:4:      layout_layer_cave, old_standard_altar,
          minmay_temple_entry_glassed_door, enter_ossuary_3, grunt_ministairs_6,
          minmay_misc_feat_chi, uniq_edmund, uniq_natasha

Skill      XL: |  1  2  3  4 |
---------------+-------------+-----
Ranged Weapons | 6 7 8 |  8.3
Fighting       | |  1.5
Dodging        | |  2.4
Stealth        | |  1.2

Action                     |  1- 3 |  4- 6 || total
---------------------------+-------+-------++-------
   Fire: Shortbow          |   120 |    66 ||   186
    Use: Scroll            |     5 |     6 ||    11
         Potion            |       |     3 ||     3
 Armour: Leather armour    |    20 |       ||    20
         Ring mail         |     6 |    13 ||    19
  Dodge: Dodged            |    38 |    19 ||    57

Table legend:
 A = Non-vault XP
 B = Vault XP
 C = Vault XP percentage of total XP
 D = Non-vault monster count
 E = Vault monster count
 F = Vault count percentage of total count
                 A         B        C        D         E       F
            +---------+---------+-------+---------+---------+-------
      Total |     135 |      56 |  29.3 |      54 |       9 |  14.3
            +---------+---------+-------+---------+---------+-------
        D:1 |      42 |       0 |   0.0 |      23 |       0 |   0.0
        D:2 |      56 |       0 |   0.0 |      18 |       0 |   0.0
        D:3 |      27 |       6 |  18.2 |       8 |       5 |  38.5
        D:4 |      10 |      50 |  83.3 |       5 |       4 |  44.4
            +---------+---------+-------+---------+---------+-------
